 Dungeon Crawl Stone Soup version 0.26.1-11-gd32895ea62 (webtiles) character file.

Game seed: 15004409062385053334

51 Zeld the Insei (level 3, -1/23 HPs)
             Began as an Octopode Transmuter on May 26, 2021.
             Slain by a leopard gecko (5 damage)
             ... on level 2 of the Dungeon.
             The game lasted 00:01:34 (1692 turns).

Zeld the Insei (Octopode Transmuter)                Turns: 1692, Time: 00:01:35

Health: -1/23      AC:  1    Str: 10    XL:     3   Next: 81%
Magic:  5/7        EV: 13    Int: 15    God:
Gold:   70         SH:  0    Dex: 12    Spells: 2/8 levels left

rFire    . . .     SeeInvis .     - Unarmed
rCold    . . .     Faith    .   (no shield)
rNeg     . . .     Spirit   .   (helmet currently unavailable)
rPois    .         Reflect  .   (no amulet)
rElec    .         Harm     .   (no ring)
rCorr    .         Rampage  .   (no ring)
Will     .....                  (no ring)
Stlth    ++........             (no ring)
HPRegen  0.07/turn              (no ring)
MPRegen  0.10/turn              (no ring)
                                (no ring)
                                (no ring)

@: appendages (expiring), wereblooded
A: almost no armour, stealthy swim, amphibious, 8 rings, constrict 8, tentacle
spike 3, camouflage 1, gelatinous body 1
a: End Transformation


You were on level 2 of the Dungeon.
One of your tentacles had a temporary spike.
You visited 1 branch of the dungeon, and saw 2 of its levels.

You collected 70 gold pieces.

Inventory:

Jewellery
 b - a +4 ring of slaying {unknown}
 d - an uncursed ring of willpower {unknown}
 f - an uncursed amulet of faith {unknown}
Wands
 k - a wand of random effects (28)
Scrolls
 a - 5 scrolls of identify {unknown}
 c - a scroll of remove curse {unknown}
 g - a scroll of enchant armour {unknown}
 j - a scroll of random uselessness {unknown}
 l - a scroll of noise {unknown}
 m - a scroll of magic mapping {unknown}
 o - a scroll of blinking {unknown}
Potions
 e - 3 potions of flight {unknown}
 h - a potion of lignification {unknown}
 i - a potion of resistance {unknown}
 n - a potion of curing {unknown}
 p - a potion of brilliance {unknown}


   Skills:
 - Level 1.0 Fighting
 + Level 2.5 Dodging
 - Level 3.0 Unarmed Combat
 * Level 3.0 Spellcasting
 + Level 2.5 Transmutations


You had 2 spell levels left.
You knew the following spells:

 Your Spells              Type           Power        Failure   Level
a - Beastly Appendage     Tmut           20%          7%          1
b - Wereblood             Tmut           10%          11%         2
c - Spider Form           Tmut/Pois      3%           34%         3

Your spell library contained the following spells:

 Spells                   Type           Power        Failure   Level
 Ice Form                 Ice/Tmut       6%           75%         4
 Blade Hands              Tmut           5%           88%         5


Dungeon Overview and Level Annotations

Branches:
Dungeon (2/15)

Altars:


Innate Abilities, Weirdness & Mutations

You cannot wear most types of armour.
You are very stealthy in the water. (Stealth+)
You are amphibious.
You can wear up to eight rings at the same time.
You can use your tentacles to constrict eight enemies at once.
Your skin changes colour to match your surroundings (Stealth+).
Your rubbery body absorbs attacks. (AC +1, EV +1)
One of your tentacles bears a large vicious spike.


Message History

You constrict the jackal, but do no damage.
The jackal misses you.
You tentacle-slap the jackal.
You kill the jackal!
The kobold hits you.
Casting: Beastly Appendage (safe; 7% risk of failure)
Confirm with . or Enter, or press ? or * to list all spells.
Your blood is infused with primal strength.
Your transformation is almost over.
The hobgoblin hits you. The leopard gecko closely misses you.
The kobold hits you. The leopard gecko bites you.
* * * LOW HITPOINT WARNING * * *
The hobgoblin misses you. The kobold hits you.
* * * LOW HITPOINT WARNING * * *
You are too injured to fight recklessly!
You are too injured to fight recklessly!
The leopard gecko barely misses you. The kobold closely misses you.
The leopard gecko bites you.
You die...

#.#.### ###.#
#...# #...#
##### #.### #.#
##.## #
#.##...#####.###
#...............
####...#..#.###
######@####
#..Kgl..#
#.##)##.# # .#.
# .# #. .# #. #.
.# # #


You could see a leopard gecko, a hobgoblin and a kobold.

Vanquished Creatures
  A gnoll (D:2)
  A dart slug (D:2)
  3 leopard geckos (D:1)
  3 bats (D:1)
  2 giant cockroaches
  6 goblins
  6 hobgoblins
  A jackal (D:2)
  A quokka (D:2)
  4 frilled lizards (D:1)
  2 kobolds
  4 rats
34 creatures vanquished.

Notes
Turn   | Place    | Note
-------+----------+-------------------------------------------
     0 | D:1      | Zeld the Octopode Transmuter began the quest for the Orb.
     0 | D:1      | Reached XP level 1. HP: 13/13 MP: 3/3
   270 | D:1      | Reached XP level 2. HP: 18/18 MP: 3/5
   274 | D:1      | Learned a level 2 spell: Wereblood
   787 | D:1      | Reached XP level 3. HP: 23/23 MP: 5/7
   796 | D:1      | Learned a level 3 spell: Spider Form
  1692 | D:2      | Slain by a leopard gecko

Illustrated notes

Levels and vault maps discovered:
D:1:      lightli_arrival_statuegarden, layout_loops_cross, minmay_circled_x
D:2:      layout_loops_ring, corexii_corridor_pit, kennysheep_generic_room_9,
          uniq_sigmund

Skill      XL: |  1  2  3 |
---------------+----------+-----
Spellcasting   | 3 |  3.0
Fighting       | |  1.0
Dodging        | |  2.5
Unarmed Combat | |  3.0
Transmutations | |  2.5

Action                   || total
-------------------------++-------
Melee: Unarmed           ||    63
       Constrict         ||    21
       Tentacles         ||     7
       Kick              ||    11
       Punch             ||     3
 Cast: Beastly Appendage ||    27
       Wereblood         ||     1
 Stab: Sleeping          ||     4
Armor: Skin              ||     3
Dodge: Dodged            ||    39
